 Dungeon Crawl Stone Soup version 0.30-a0-1157-g2cc9ac7196 (webtiles) character file.

Game seed: 3048512616001709068

26 IdlyInterested the Trooper (level 2, -4/24 HPs)
             Began as a Demonspawn Fighter on Apr 24, 2023.
             Succumbed to Terence's poison
             ... on level 2 of the Dungeon.
             The game lasted 00:03:14 (993 turns).

IdlyInterested the Trooper (Demonspawn Fighter)      Turns: 993, Time: 00:03:15

Health: -4/24      AC:  7    Str: 16    XL:     2   Next: 89%
Magic:  2/2        EV:  9    Int:  9    God:
Gold:   99         SH:  4    Dex: 12    Spells: 1/1 levels left

rFire   . . .        a - +0 war axe
rCold   . . .        c - +0 buckler
rNeg    . . .        b - +0 scale mail
rPois   .            (no helmet)
rElec   .            (no cloak)
rCorr   .            (no gloves)
SInv    .            g - +0 pair of boots
Will    .....        (no amulet) Stlth
                     o - ring of wizardry
HPRegen 0.24/turn    r - ring of wizardry
MPRegen 0.08/turn

%: wizardry (x2)
@: mighty, lethally poisoned (-4 -> -32)
A: powered by pain 1
a: no special abilities


You were on level 2 of the Dungeon.
You visited 1 branch of the dungeon, and saw 2 of its levels.

You collected 99 gold pieces.

Inventory:

Hand Weapons
 a - a +0 war axe (weapon)
 h - a +0 flail
 m - a +0 spear
 s - a +0 hand axe
Missiles
 k - 9 stones (quivered)
Armour
 b - a +0 scale mail (worn)
 c - a +0 buckler (worn)
 g - a +0 pair of boots (worn)
Jewellery
 o - a ring of wizardry (left hand)
 r - a ring of wizardry (right hand)
Scrolls
 i - 2 scrolls of teleportation {unknown}
 j - 4 scrolls of magic mapping {unknown}
 l - a scroll of amnesia {unknown}
 p - 2 scrolls of identify {unknown}
Potions
 e - 2 potions of curing {unknown}
 f - a potion of lignification {unknown}
 n - 2 potions of haste {unknown}
 q - a potion of magic {unknown}


   Skills:
 - Level 3.0 Fighting
 + Level 2.3 Axes
 * Level 0.6 Throwing
 - Level 3.0 Armour
 - Level 1.0 Dodging
 - Level 2.6 Shields


You had one spell level left.
You didn't know any spells.
Your spell library contained the following spells:

 Spells                   Type           Power      Damage    Failure   Level
 Apportation              Tloc           0%         N/A       41%         1
 Kiss of Death            Conj/Necr      0%         2d5       41%         1
 Magic Dart               Conj           0%         1d3       41%         1
 Necrotise                Necr           0%         1d4       41%         1
 Shock                    Conj/Air       0%         1d3       41%         1
 Summon Small Mammal      Summ           0%         N/A       41%         1
 Searing Ray              Conj           0%         2d4       54%         2
 Confusing Touch          Hex            0%         N/A       78%         3
 Swiftness                Air            0%         N/A       78%         3
 Airstrike                Air            0%         2d(0-16)  98%         4
 Dispel Undead            Necr           0%         3d6       98%         4
 Fulminant Prism          Conj/Hex       0%         3d5       98%         4


Dungeon Overview and Level Annotations

Branches:
Dungeon (2/15)

Altars:

Annotations:
D:2 Terence


Innate Abilities, Weirdness & Mutations

You sometimes gain a little power by taking damage.


Message History

The stone hits Terence but does no damage.
Throw: 11 stones
Press: ? - help, Q - select action Shift-Dir - straight line, f/p - Terence
Aim: Terence, wielding a +0 mace of venom and wearing a +3 chain mail of fire resistance (65% to hit)
You throw a stone.
The stone hits Terence but does no damage.
Throw: 10 stones
Press: ? - help, Q - select action Shift-Dir - straight line, f/p - Terence
Aim: Terence, wielding a +0 mace of venom and wearing a +3 chain mail of fire resistance (65% to hit)
You throw a stone.
The stone hits Terence but does no damage.
You feel very mighty all of a sudden. You block Terence's attack.
You slash Terence!
Terence is heavily wounded.
Terence barely misses you.
You barely miss Terence.
Terence is heavily wounded.
Terence hits you with a +0 mace of venom.
You barely miss Terence.
Terence is heavily wounded.
Terence hits you but does no damage.
You are poisoned.
Terence barely misses you.
You barely miss Terence.
Terence is heavily wounded.
You feel very sick. Terence completely misses you.
You hit Terence.
Terence is almost dead.
You feel sick.
Terence hits you with a +0 mace of venom.
* * * LOW HITPOINT WARNING * * *
You are lethally poisoned!
Terence hits you with a +0 mace of venom.
* * * LOW HITPOINT WARNING * * *
You are more poisoned.
You hit Terence but do no damage.
Terence is almost dead.
You die...

#. . #.###. #####.#..) ....#...#
#.....## . #...## .. #..†..
#.############# #..##.
#......@@.....#. #..##.
##.....######.#. #..### #..
.###.......#####.#.# #..# #
##..#..##......†....#.#.# #.<###
.......##.......##....#.####.....
.....#.###.....###............###
.....#.# ##...####....##.###..#
.....#.#####.#................#
.............#.######.##...#..##


You could see Terence.

Vanquished Creatures
  3 bats
  3 endoplasms
  A giant cockroach (D:1)
  2 hobgoblins
  2 jackals (D:1)
  A quokka (D:2)
  2 ball pythons (D:1)
  A frilled lizard (D:1)
  2 goblins (D:1)
  3 kobolds
  5 rats
25 creatures vanquished.

Notes
Turn   | Place    | Note
-------+----------+-------------------------------------------
     0 | D:1      | IdlyInterested the Demonspawn Fighter began the quest for
                  | the Orb.
     0 | D:1      | Reached XP level 1. HP: 18/18 MP: 1/1
   152 | D:1      | Gained mutation: You sometimes gain a little power by
                  | taking damage. [demonic ancestry]
   152 | D:1      | Reached XP level 2. HP: 24/24 MP: 2/2
   550 | D:1      | Reached skill level 1 in Dodging
   980 | D:2      | Noticed Terence
   993 | D:2      | Succumbed to Terence's poison

Illustrated notes

Levels and vault maps discovered:
D:1:      sevenhm_arrival_forest_fort_small_4, layout_basic
D:2:      layout_loops_ring, small_statue_intersection, minmay_misc_feat_plants,
          grunt_ministairs_2, minmay_misc_feat_square, uniq_terence

Skill      XL: |  1  2 |
---------------+-------+-----
Axes           | 2 |  2.3
Armour         | 3 |  3.0
Dodging        | 1 |  1.0
Fighting       | |  3.0
Throwing       | |  0.6
Shields        | |  2.6

Action                     || total
---------------------------++-------
  Melee: War axe           ||    69
  Throw: Stone             ||     3
    Use: Potion            ||     1
 Armour: Scale mail        ||    41
  Dodge: Dodged            ||    37
  Block: Buckler           ||    17

Table legend: (Time is in decaauts)
 A = Elapsed time spent in this place.
 B = Non-inter-level travel time spent in this place.
 C = Inter-level travel time spent in this place.
 D = Time resting spent in this place.
 E = Time spent auto-exploring this place.
 F = Levels seen in this place.
 G = Mean time per level.
                   A        B        C        D        E       F      G
               +--------+--------+--------+--------+--------+-----+--------+
         Total |   1035 |    928 |    107 |     39 |    540 |   2 |  517.5 |
       Dungeon |   1035 |    928 |    107 |     39 |    540 |   2 |  517.5 |
               +--------+--------+--------+--------+--------+-----+--------+

Top non-repeatable levels by time:
     D:1: 779 daAuts
     D:2: 256 daAuts
